[Event "Titled Tuesday Blitz February 07 Early 2023"]
[White "Bagwe Gaurang"]
[Black "Adithya A Chullikkad"]
[WhiteFideId "45039895"]
[BlackFideId "45078734"]
[WhiteElo "2067"]
[BlackElo "2259"]
[Result "1-0"]
[Round "06"]
[TimeControl "180+2"]
[Date "2023.02.07"]
[WhiteClock "0:00:39"]
[BlackClock "0:00:31"]

1. e4 c5 2. Be2 d6 3. f4 e6 4. Nf3 d5 5. d3 Nc6 6. O-O Be7 7. c3 Nf6 8. Qc2 O-O 9. h3 c4 10. e5 cxd3 11. Bxd3 Ne4 12. Bxe4 dxe4 13. Rd1 Qb6+ 14. Nd4 Nxd4 15. cxd4 Bd7 16. Nc3 Rac8 17. Qxe4 Bc6 18. Qe2 Rfd8 19. Be3 a6 20. Kh2 Qc7 21. Rac1 Qb8 22. Qg4 b5 23. f5 exf5 24. Qxf5 Ba8 25. Rf1 Rf8 26. Qg4 Qb7 27. Bh6 g6 28. Bxf8 Bxf8 29. Nd5 Rxc1 30. Nf6+ Kg7 31. Rxc1 Be7 32. Ne8+ Kf8 33. Nd6 Bxd6 34. Qc8+ Ke7 35. exd6+ Kxd6 36. Qd8+ Qd7 37. Qb6+ Bc6 38. d5 Qf5 39. Rxc6+ Ke7 40. Qc7+ Kf8 41. Qc8+ 1-0


[Site "https://www.chess.com"]

[Event "Titled Tuesday Blitz February 07 Early 2023"]
[White "Jain Kashish Manoj"]
[Black "SicilianPanzer"]
[WhiteFideId "35081098"]
[WhiteElo "2375"]
[BlackElo "2245"]
[Result "1-0"]
[Round "06"]
[TimeControl "180+2"]
[Date "2023.02.07"]
[WhiteClock "0:00:41"]
[BlackClock "0:00:08"]

1. Nf3 Nf6 2. e3 e6 3. b3 d5 4. Bb2 Nbd7 5. c4 c6 6. Be2 Bd6 7. O-O O-O 8. d4 Qe7 9. Nbd2 b6 10. Re1 a5 11. a4 Ba6 12. Rc1 Rfc8 13. Bd3 c5 14. e4 dxe4 15. Nxe4 Nxe4 16. Bxe4 Rab8 17. Qc2 Nf6 18. dxc5 Bxc5 19. Bxf6 Qxf6 20. Bxh7+ Kh8 21. Be4 Rd8 22. Rcd1 Rxd1 23. Rxd1 Rd8 24. Rxd8+ Qxd8 25. Qd3 Qf6 26. g3 g5 27. h3 Bc8 28. Kg2 Kg7 29. Qd2 Be7 30. Qe3 e5 31. Bd5 g4 32. hxg4 Bxg4 33. Nxe5 Bc5 34. Nxg4 1-0


[Site "https://www.chess.com"]

[Event "Titled Tuesday Blitz February 07 Early 2023"]
[White "Avalos Parra, Joao"]
[Black "Garayev, Kanan"]
[WhiteFideId "3402541"]
[BlackFideId "13406671"]
[WhiteElo "2185"]
[BlackElo "2346"]
[Result "1-0"]
[Round "06"]
[TimeControl "180+2"]
[Date "2023.02.07"]
[WhiteClock "0:00:34"]
[BlackClock "0:00:01"]

1. d4 d5 2. c4 e6 3. Nf3 a6 4. cxd5 exd5 5. Nc3 c6 6. Bf4 Bd6 7. e3 Ne7 8. Bd3 Bf5 9. O-O O-O 10. h3 Bxd3 11. Qxd3 Ng6 12. Bxd6 Qxd6 13. a4 a5 14. Rfe1 Na6 15. h4 Nb4 16. Qf5 Ne7 17. Qb1 h6 18. e4 dxe4 19. Nxe4 Qc7 20. Ra3 Rad8 21. Qc1 Ned5 22. Ne5 Rfe8 23. Rg3 Re6 24. Nc5 Rf6 25. Ng4 Rg6 26. h5 Rg5 27. Ne4 Rxg4 28. Rxg4 f5 29. Rg6 Nd3 30. Qxh6 Nxe1 31. Ng5 Nf3+ 32. gxf3 Rd7 33. Ne6 Kf7 34. Rxg7+ 1-0


[Site "https://www.chess.com"]

[Event "Titled Tuesday Blitz February 07 Early 2023"]
[White "Dudzinski, Pawel"]
[Black "Souleidis, Georgios"]
[WhiteFideId "1117890"]
[BlackFideId "4206827"]
[WhiteElo "2186"]
[BlackElo "2419"]
[Result "0-1"]
[Round "06"]
[TimeControl "180+2"]
[Date "2023.02.07"]
[WhiteClock "0:00:31"]
[BlackClock "0:00:34"]

1. e4 c5 2. c4 Nc6 3. Nc3 g6 4. g3 Bg7 5. Bg2 d6 6. Rb1 Nf6 7. Nge2 O-O 8. a3 a5 9. O-O Ne8 10. Nb5 Nc7 11. Nxc7 Qxc7 12. d3 Bd7 13. f4 Rab8 14. Be3 b5 15. cxb5 Rxb5 16. d4 Nxd4 17. Nxd4 cxd4 18. Bxd4 Rfb8 19. Bxg7 Kxg7 20. Qd4+ e5 21. fxe5 dxe5 22. Qd2 Be6 23. Qg5 Qd8 24. Qxd8 Rxd8 25. b4 Rdb8 26. Rb2 axb4 27. Rfb1 b3 28. h4 Ra5 29. Kh2 Rxa3 30. Bh3 Bc4 31. Bf1 Bxf1 32. Rxf1 Ra2 33. Rff2 Rxb2 34. Rxb2 f5 35. Kg2 Kf6 36. Kf3 Rb4 37. exf5 gxf5 38. Ke3 Kg6 39. Kd3 Rb7 40. Kc4 e4 41. Kd5 Kh5 42. Kc6 Rb4 43. Kc5 Rb8 44. Kd4 Kg4 45. Ke5 Rb5+ 46. Ke6 Kxg3 47. Rxb3+ Rxb3 0-1


[Site "https://www.chess.com"]

[Event "Titled Tuesday Blitz February 07 Early 2023"]
[White "Mesa Cruz, Juan Carlos"]
[Black "Sanchez, Sebastian Felipe"]
[WhiteFideId "6423400"]
[BlackFideId "4403304"]
[WhiteElo "2122"]
[BlackElo "2427"]
[Result "0-1"]
[Round "06"]
[TimeControl "180+2"]
[Date "2023.02.07"]
[WhiteClock "0:00:12"]
[BlackClock "0:00:11"]

1. e4 e6 2. Qe2 c5 3. Nf3 Nc6 4. g3 g6 5. Bg2 Bg7 6. O-O Nge7 7. c3 e5 8. a3 O-O 9. b4 d6 10. b5 Na5 11. a4 Nb3 12. Ra3 Nxc1 13. Rxc1 Be6 14. c4 h6 15. a5 Rb8 16. Nc3 f5 17. d3 f4 18. Nd5 g5 19. gxf4 Bxd5 20. exd5 Rxf4 21. Nd2 Nf5 22. Bh3 Nd4 23. Be6+ Kh7 24. Qe3 Qe7 25. Ne4 Rf3 26. Qd2 Rbf8 27. Rf1 R3f4 28. Kh1 h5 29. Raa1 Bh6 30. Rg1 Nf3 31. Qe3 Rh4 32. Rg2 g4 33. Qe2 Bf4 34. Ng3 Kh6 35. Nxh5 Bxh2 36. Rxg4 Rxh5 37. Kg2 Nd4 38. Qe4 Qf6 39. Rf1 Bf4 40. Rh1 Rxh1 41. Kxh1 Bg5 42. f4 exf4 43. Qg2 f3 44. Qh3+ Kg7 45. Qh5 Rh8 46. Rxg5+ Qxg5 47. Qxh8+ Kxh8 0-1


[Site "https://www.chess.com"]

[Event "Titled Tuesday Blitz February 07 Early 2023"]
[White "Demin, Vladimir"]
[Black "Avazkhonov, Alikhon"]
[WhiteFideId "4167457"]
[BlackFideId "14208504"]
[WhiteElo "2430"]
[BlackElo "1538"]
[Result "1-0"]
[Round "06"]
[TimeControl "180+2"]
[Date "2023.02.07"]
[WhiteClock "0:00:41"]
[BlackClock "0:00:01"]

1. e4 c5 2. Nf3 d6 3. d4 cxd4 4. Qxd4 Nc6 5. Bb5 Bd7 6. Qd3 Nf6 7. c4 e6 8. Nc3 Be7 9. O-O O-O 10. Rd1 a6 11. Bxc6 Bxc6 12. Bf4 Qa5 13. a3 Rfd8 14. b4 Qh5 15. h3 b5 16. cxb5 axb5 17. Nd4 Be8 18. Ndxb5 d5 19. e5 Ne4 20. Nd4 Rdc8 21. Nxe4 dxe4 22. Qxe4 Rxa3 23. b5 Bc5 24. Nc6 Qh4 25. Rxa3 Qxf2+ 26. Kh2 Bxa3 27. Rd3 Bc5 28. Be3 Qc2 29. Rd8 Qxe4 30. Rxc8 h6 31. Rxe8+ Kh7 32. Bxc5 Qf4+ 33. Kh1 Qc1+ 34. Bg1 Qc4 35. Rb8 f6 36. exf6 gxf6 37. Rb7+ Kg6 38. Ne7+ Kg5 39. b6 Kh4 40. Rc7 1-0


[Site "https://www.chess.com"]

[Event "Titled Tuesday Blitz February 07 Early 2023"]
[White "Karttunen, Mika"]
[Black "Melikhov, Evgeny V."]
[WhiteFideId "502081"]
[BlackFideId "4122046"]
[WhiteElo "2490"]
[BlackElo "2269"]
[Result "1-0"]
[Round "06"]
[TimeControl "180+2"]
[Date "2023.02.07"]
[WhiteClock "0:00:41"]
[BlackClock "0:00:01"]

1. e4 e5 2. Nf3 Nc6 3. Bb5 a6 4. Bxc6 dxc6 5. O-O f6 6. d4 exd4 7. Nxd4 c5 8. Ne2 Qxd1 9. Rxd1 Bd7 10. Nbc3 O-O-O 11. Be3 b6 12. a4 a5 13. Nf4 Re8 14. Nfd5 Ne7 15. Bf4 Nxd5 16. Nxd5 Rxe4 17. Bxc7 Bxa4 18. Rxa4 Rxa4 19. Nxb6+ Kxc7 20. Nxa4 Be7 21. b3 Rd8 22. Rxd8 Kxd8 23. Kf1 Kd7 24. Ke2 Kc6 25. Kd3 Kd5 26. c4+ Kc6 27. Ke4 g6 28. g4 Bd6 29. h4 h5 30. gxh5 f5+ 31. Kf3 gxh5 32. Nc3 Be7 33. Kg3 Bd6+ 34. Kh3 Be5 35. Nd5 Kd6 36. f4 Bg7 37. Ne3 Ke6 38. Nf1 Bh6 39. Kg3 Bg7 40. Nh2 Bf6 41. Nf3 Bd8 42. Ne5 Bc7 43. Nd3 Bd6 44. Kf3 Kf6 45. Nf2 Ke6 46. Nh1 Be7 47. Ng3 Bxh4 48. Nxh5 Be7 49. Ng7+ Kf6 50. Ne8+ Ke6 51. Nc7+ Kd7 52. Nd5 Bd8 53. Kg3 Ke6 54. Nc3 Bc7 55. Na4 Bd6 56. Kf3 1-0


[Site "https://www.chess.com"]

[Event "Titled Tuesday Blitz February 07 Early 2023"]
[White "Cori T., Deysi"]
[Black "Foerster-Yialamas, Lucas"]
[WhiteFideId "3801934"]
[BlackFideId "30901774"]
[WhiteElo "2362"]
[BlackElo "2151"]
[Result "1-0"]
[Round "06"]
[TimeControl "180+2"]
[Date "2023.02.07"]
[WhiteClock "0:00:44"]
[BlackClock "0:00:01"]

1. Nf3 b6 2. g3 Bb7 3. Bg2 Nf6 4. O-O g6 5. a4 Bg7 6. a5 O-O 7. d4 a6 8. axb6 cxb6 9. c3 Nc6 10. Nbd2 d6 11. e4 e6 12. Re1 Nd7 13. Nc4 d5 14. exd5 exd5 15. Ne3 Nf6 16. Ne5 Ne4 17. Nxc6 Bxc6 18. Qb3 Re8 19. f3 Nd6 20. Bd2 Nb5 21. f4 Qd7 22. Nxd5 Nxd4 23. cxd4 Bxd4+ 24. Kh1 Rad8 25. Rxe8+ Rxe8 26. Bb4 Re2 27. Ne7+ Qxe7 28. Bxc6 Qf6 29. Qd5 Rxb2 30. Ba3 Rd2 31. Re1 h5 32. Be7 Qg7 33. Qd8+ Kh7 34. Bf8 Qh8 35. Be7 Qg7 36. Qf8 b5 37. Qxg7+ Bxg7 38. Bb4 Rb2 39. Ba5 Ra2 40. Bd8 b4 41. Rb1 Ra1 42. Rxa1 Bxa1 43. Bd5 Bc3 44. Bxf7 Kg7 45. Bb3 1-0


[Site "https://www.chess.com"]

[Event "Titled Tuesday Blitz February 07 Early 2023"]
[White "Kostiukov, Alexandr"]
[Black "Kopczynski, Michal"]
[WhiteFideId "14108100"]
[BlackFideId "1124200"]
[WhiteElo "2271"]
[BlackElo "2225"]
[Result "1-0"]
[Round "06"]
[TimeControl "180+2"]
[Date "2023.02.07"]
[WhiteClock "0:00:14"]
[BlackClock "0:00:34"]

1. g3 d6 2. Bg2 e5 3. c4 f5 4. Nc3 g6 5. Nf3 Bg7 6. O-O Nf6 7. d4 e4 8. Ng5 h6 9. Nh3 O-O 10. f3 exf3 11. exf3 Nc6 12. Nf2 g5 13. f4 g4 14. a3 h5 15. d5 Ne7 16. Be3 h4 17. Bd4 hxg3 18. hxg3 c5 19. dxc6 Nxc6 20. Bxf6 Qxf6 21. Rb1 Be6 22. Nd5 Qd4 23. Nc7 Bxc4 24. Qxd4 Nxd4 25. Rfc1 Ne2+ 26. Kh2 Nxc1 27. Nxa8 Ne2 28. Nc7 Kf7 29. Bd5+ Bxd5 30. Nxd5 Rh8+ 31. Kg2 Bd4 32. Nd3 Rh3 33. Re1 Rxg3+ 34. Kh2 Bg1+ 35. Kh1 Rh3+ 36. Kg2 Rh2+ 37. Kf1 Nd4 38. Re7+ Kf8 39. Kxg1 Nf3+ 40. Kf1 g3 41. Ne3 Kxe7 42. Nxf5+ Kf6 43. Nxg3 Rc2 44. Ne4+ Kf5 45. Nxd6+ Kg4 46. Nxb7 Kg3 47. f5 Rd2 48. Nbc5 Rc2 49. f6 Ng5 50. Ke1 Kg4 51. Kd1 Rh2 52. Ne5+ Kf5 53. f7 Rh8 54. Ncd7 Nxf7 55. Nxf7 Rh7 56. Nfe5 Rh2 57. Kc1 Ke4 58. Kb1 Kd4 59. Ka2 a5 60. Nf3+ Kd5 61. Nxh2 Kd6 62. Nf6 Kc5 63. Ne4+ Kd4 64. Nd2 Kd3 65. Nb3 a4 66. Nc5+ Kc4 67. Nxa4 Kb5 68. Nc3+ Kc4 69. Nf3 Kc5 70. Nd2 Kc6 71. Kb3 Kb6 72. Kb4 Ka6 73. a4 Kb6 74. a5+ Kc6 75. Ka4 Kb7 76. b4 Ka7 77. b5 Kb7 78. Kb4 Ka7 79. Kc5 Kb8 80. Kb6 Ka8 81. Nd5 Kb8 82. Ne4 Kc8 83. Nc5 Kb8 84. Ne6 Ka8 85. a6 Kb8 86. a7+ Ka8 87. Nec7# 1-0


[Site "https://www.chess.com"]

[Event "Titled Tuesday Blitz February 07 Early 2023"]
[White "Sputnik-11"]
[Black "Sharapov, Evgeny"]
[BlackFideId "14103133"]
[WhiteElo "2381"]
[BlackElo "2375"]
[Result "0-1"]
[Round "06"]
[TimeControl "180+2"]
[Date "2023.02.07"]
[WhiteClock "0:00:05"]
[BlackClock "0:00:12"]

1. Nf3 c5 2. c4 Nc6 3. Nc3 e5 4. g3 g6 5. Bg2 Bg7 6. O-O d6 7. a3 a5 8. Ne1 Be6 9. d3 Nge7 10. Nc2 d5 11. cxd5 Nxd5 12. Ne3 Nde7 13. Nc4 O-O 14. Be3 b6 15. Nb5 Rb8 16. Rb1 Nd4 17. Bxd4 exd4 18. b4 axb4 19. axb4 cxb4 20. Rxb4 Nd5 21. Rb1 Nc3 22. Nxc3 dxc3 23. Na3 Qe7 24. Nb5 Rfc8 25. Qc2 Bd7 26. Rfc1 Rc5 27. Na3 b5 28. Qb3 b4 29. Nc4 Be6 30. Qa4 Bxc4 31. dxc4 Rxc4 32. Rc2 Qc5 33. Qb3 h5 34. e3 Qc7 35. Rd1 Rc5 36. Bd5 Ra5 37. Bc4 Ra3 38. Bxf7+ Qxf7 39. Qxf7+ Kxf7 40. Rd7+ Kg8 0-1


[Site "https://www.chess.com"]

[Event "Titled Tuesday Blitz February 07 Early 2023"]
[White "Nikologorsky, Matfei"]
[Black "Tarlabasi, Emirhan"]
[WhiteFideId "24102474"]
[BlackFideId "6350275"]
[WhiteElo "2182"]
[BlackElo "2300"]
[Result "0-1"]
[Round "06"]
[TimeControl "180+2"]
[Date "2023.02.07"]
[WhiteClock "0:00:08"]
[BlackClock "0:00:35"]

1. e4 a6 2. Nf3 c5 3. Nc3 e6 4. d4 cxd4 5. Nxd4 b5 6. Bd3 Bb7 7. Qe2 Bc5 8. Nb3 Bb6 9. O-O d6 10. Be3 Nf6 11. Rad1 Nbd7 12. f4 Ng4 13. Bxb6 Qxb6+ 14. Kh1 Ne3 15. f5 Nxd1 16. Nxd1 Ne5 17. fxe6 fxe6 18. c4 Rf8 19. cxb5 Rxf1+ 20. Qxf1 Nxd3 21. Qxd3 Qxb5 22. Qf3 Bxe4 23. Qf4 Qe2 24. Ne3 Bxg2+ 25. Nxg2 Qd1+ 26. Ne1 Qxe1+ 27. Kg2 Qe2+ 28. Kg1 Qd1+ 29. Kg2 Qd5+ 30. Kg1 O-O-O 31. Nd4 Qe5 32. Qd2 Rf8 33. Qc3+ Qc5 34. Qxc5+ dxc5 35. Nxe6 Rf5 36. Kg2 Kd7 37. Nxg7 Rg5+ 0-1


[Site "https://www.chess.com"]

[Event "Titled Tuesday Blitz February 07 Early 2023"]
[White "Rottenwohrer Suarez, Juan"]
[Black "Perez Gormaz, Matias"]
[WhiteFideId "32068182"]
[BlackFideId "3406342"]
[WhiteElo "2265"]
[BlackElo "2406"]
[Result "0-1"]
[Round "06"]
[TimeControl "180+2"]
[Date "2023.02.07"]
[WhiteClock "0:00:01"]
[BlackClock "0:00:10"]

1. c4 c5 2. Nf3 Nc6 3. Nc3 g6 4. g3 Bg7 5. Bg2 d6 6. O-O e5 7. a3 Nge7 8. b4 Be6 9. bxc5 dxc5 10. Qa4 O-O 11. Rb1 b6 12. Ng5 Bd7 13. Qa6 Rc8 14. Nb5 Bf5 15. d3 h6 16. Ne4 Bg4 17. Bxh6 Bxe2 18. Bxg7 Kxg7 19. Rfe1 Bg4 20. Ned6 Rb8 21. h3 Be6 22. Rbd1 Qd7 23. g4 f6 24. Ne4 g5 25. Ng3 Rbd8 26. Nc3 Nd4 27. Nce4 Bf7 28. a4 Nec6 29. Nf5+ Nxf5 30. gxf5 Nb4 31. Qb5 Nxd3 32. Qxd7 Rxd7 33. Re3 Rfd8 34. Nc3 Bxc4 35. Ne4 Nf4 36. Ra1 Nxg2 37. Kxg2 Rd4 38. Nc3 Rd3 39. Rae1 Rxe3 40. Rxe3 Rd3 41. Ne4 Rxe3 42. fxe3 Bd5 43. Kf3 Bxe4+ 44. Kxe4 a6 45. Kd5 Kh6 46. e4 Kh5 47. Ke6 c4 48. Kxf6 c3 49. Kg7 c2 50. f6 c1=Q 51. f7 Qc7 52. Kf6 Qd6+ 53. Kg7 b5 54. axb5 axb5 55. Kh7 Qg6+ 56. Kh8 Qxf7 57. h4 Qf6+ 58. Kg8 Qe7 59. hxg5 Kg6 0-1


[Site "https://www.chess.com"]

[Event "Titled Tuesday Blitz February 07 Early 2023"]
[White "Ortega Amarelle, Mariano"]
[Black "Lucassen, Mickey"]
[WhiteFideId "3504301"]
[BlackFideId "12919110"]
[WhiteElo "2472"]
[BlackElo "2023"]
[Result "1-0"]
[Round "06"]
[TimeControl "180+2"]
[Date "2023.02.07"]
[WhiteClock "0:00:46"]
[BlackClock "0:00:14"]

1. e4 c5 2. Nf3 d6 3. d4 cxd4 4. Nxd4 Nf6 5. Nc3 a6 6. f4 e5 7. Nf3 Nc6 8. a4 Be7 9. Bc4 O-O 10. O-O Bg4 11. Qe1 Rc8 12. fxe5 dxe5 13. Be3 Bxf3 14. gxf3 Nd4 15. Bd3 b5 16. axb5 axb5 17. Qf2 b4 18. Bxd4 bxc3 19. Bb6 Qxb6 20. Qxb6 Bc5+ 21. Qxc5 Rxc5 22. b4 Rc7 23. Ra5 Rb8 24. Rb1 Rcb7 25. Rc5 h6 26. b5 Nh5 27. Rxc3 Nf4 28. Bf1 Ne6 29. Ra3 Nd4 30. c4 Rc8 31. Kf2 f5 32. exf5 Nxf5 33. Re1 Nd6 34. Ra4 Rc5 35. Rd1 Rb6 36. Ra6 Nxc4 37. Bxc4+ Rxc4 38. Rxb6 1-0


[Site "https://www.chess.com"]

[Event "Titled Tuesday Blitz February 07 Early 2023"]
[White "Cella, Glaucio Dalla Cortt"]
[Black "Mogirzan, Matei-Valeriu"]
[WhiteFideId "2119455"]
[BlackFideId "1257455"]
[WhiteElo "1894"]
[BlackElo "1813"]
[Result "1/2-1/2"]
[Round "06"]
[TimeControl "180+2"]
[Date "2023.02.07"]
[WhiteClock "0:00:26"]
[BlackClock "0:00:03"]

1. e4 d6 2. Nf3 Nd7 3. d4 a6 4. Bc4 e6 5. a4 b6 6. O-O Bb7 7. Nc3 h6 8. d5 e5 9. b3 g6 10. Nd2 Bg7 11. Bb2 Ne7 12. f4 exf4 13. Rxf4 Ne5 14. Qf1 O-O 15. Ne2 g5 16. Rf2 N7g6 17. Ng3 Bc8 18. Nf5 Bxf5 19. exf5 Nf4 20. Bxa6 Ng4 21. Bxg7 Kxg7 22. Rxf4 gxf4 23. Qxf4 Qg5 24. Qd4+ Ne5 25. Bb5 Rg8 26. Ne4 Qg4 27. Rf1 Kf8 28. g3 Nf3+ 29. Rxf3 Qxf3 30. Nf6 Rg5 31. Nh7+ Kg8 32. Nf6+ Kf8 33. Nd7+ Kg8 34. Nf6+ Kf8 1/2-1/2


[Site "https://www.chess.com"]

[Event "Titled Tuesday Blitz February 07 Early 2023"]
[White "Rosenberg, Evan S"]
[Black "Arenas, David"]
[WhiteFideId "2019299"]
[BlackFideId "4403177"]
[WhiteElo "1956"]
[BlackElo "2426"]
[Result "1-0"]
[Round "06"]
[TimeControl "180+2"]
[Date "2023.02.07"]
[WhiteClock "0:01:29"]
[BlackClock "0:00:15"]

1. d4 Nf6 2. Nf3 g6 3. Nc3 Bg7 4. e4 d6 5. Be2 O-O 6. O-O c6 7. a4 Nbd7 8. e5 Ne8 9. Bf4 dxe5 10. dxe5 Nc7 11. Bc4 Nb6 12. Bb3 Be6 13. a5 Nbd5 14. Nxd5 Bxd5 15. Bxd5 Nxd5 16. Bg5 Qe8 17. e6 f5 18. c3 f4 19. c4 Nc7 20. Qd7 Qxd7 21. exd7 Rf7 22. Rad1 Ne6 23. Rfe1 Nd8 24. Bxe7 Bf6 25. Bxf6 1-0


[Site "https://www.chess.com"]

[Event "Titled Tuesday Blitz February 07 Early 2023"]
[White "Andreev, Konstantin"]
[Black "Eynullayev, Atilla"]
[WhiteFideId "24239305"]
[BlackFideId "13413570"]
[WhiteElo "2195"]
[BlackElo "2281"]
[Result "1-0"]
[Round "06"]
[TimeControl "180+2"]
[Date "2023.02.07"]
[WhiteClock "0:00:45"]
[BlackClock "0:00:02"]

1. e4 c5 2. Nf3 e6 3. d4 cxd4 4. Nxd4 a6 5. Bd3 Bc5 6. Nb3 Ba7 7. Qg4 Nf6 8. Qg3 d6 9. Nc3 Nc6 10. Be3 Bxe3 11. Qxe3 b5 12. O-O-O Rb8 13. Kb1 O-O 14. f3 b4 15. Ne2 a5 16. g4 a4 17. Nbc1 e5 18. Bc4 Na5 19. Bd3 Be6 20. g5 Ne8 21. f4 b3 22. cxb3 axb3 23. a3 d5 24. exd5 Bxd5 25. Qxe5 Bxh1 26. Bxh7+ Kxh7 27. Rxd8 Rxd8 28. Qxa5 Be4+ 29. Ka1 Rd1 30. Qb4 Nd6 31. Qxb3 Re1 32. Qb4 Rd1 33. Qb3 Rd2 34. Qe3 Rc2 35. Nc3 Bf5 36. N1e2 Nc4 37. Qc5 Bd3 38. Qxf8 Rxb2 39. Qc5 Rb3 40. Qd4 Rxa3+ 41. Na2 Bxe2 42. Qe4+ g6 43. Qxe2 Ne3 44. Kb2 Rxa2+ 45. Kxa2 Nf5 46. Qe8 Kg7 47. Qe5+ Kg8 48. Kb3 Ng7 49. Kc4 Kf8 50. Kd5 Nf5 51. Kc6 Ne7+ 52. Kd7 Nf5 53. Qh8# 1-0


[Site "https://www.chess.com"]

[Event "Titled Tuesday Blitz February 07 Early 2023"]
[White "Kochetov, Andrey"]
[Black "Carrasco Miranda, Andres"]
[WhiteFideId "24130532"]
[BlackFideId "3405990"]
[WhiteElo "2165"]
[BlackElo "2240"]
[Result "1-0"]
[Round "06"]
[TimeControl "180+2"]
[Date "2023.02.07"]
[WhiteClock "0:00:09"]
[BlackClock "0:01:33"]

1. e4 c5 2. Nf3 d6 3. d4 cxd4 4. Nxd4 Nf6 5. f3 e5 6. Nb3 d5 7. Bg5 Be6 8. Bxf6 gxf6 9. exd5 Qxd5 10. Qxd5 Bxd5 11. Nc3 Bb4 12. O-O-O Bxb3 13. cxb3 Bxc3 14. bxc3 Nc6 15. Bd3 Ke7 16. Be4 Rad8 17. Rxd8 Rxd8 18. Bxh7 Ke6 19. Be4 f5 20. Bxc6 bxc6 21. Rd1 Rh8 22. h3 e4 23. Rf1 Ke5 24. fxe4 Kxe4 25. Kd2 f4 26. Ke2 Rg8 27. Kf2 Rg3 28. Re1+ Kf5 29. Re7 f6 30. Rxa7 Rxc3 31. Ra5+ Ke4 32. h4 Rc2+ 33. Kg1 Rc1+ 34. Kh2 Rc2 35. Kh3 Rc1 36. Ra4+ Ke3 37. Kg4 Rg1 38. Rxf4 Rxg2+ 39. Kf5 Rxa2 40. Rc4 Rf2+ 41. Kg6 f5 42. h5 f4 43. h6 Rh2 44. Rxc6 f3 45. h7 f2 46. Rf6 Rh3 47. Kg7 Rf3 48. Rxf3+ Kxf3 49. h8=Q f1=Q 50. Qf8+ Ke2 51. Qxf1+ Kxf1 52. b4 Ke2 53. b5 Kd3 54. b6 Kc4 55. b7 Kb5 56. b8=Q+ Ka6 57. Kf6 Ka5 58. Ke5 Ka6 59. Kd5 Ka5 60. Kc5 Ka4 61. Qb4# 1-0


[Site "https://www.chess.com"]

[Event "Titled Tuesday Blitz February 07 Early 2023"]
[White "Fernandez Siles, Luis"]
[Black "Toncheva, Nadya"]
[WhiteFideId "2209420"]
[BlackFideId "2924056"]
[WhiteElo "2218"]
[BlackElo "2295"]
[Result "1-0"]
[Round "06"]
[TimeControl "180+2"]
[Date "2023.02.07"]
[WhiteClock "0:00:11"]
[BlackClock "0:00:03"]

1. d4 d5 2. c4 c6 3. Nc3 Nf6 4. cxd5 cxd5 5. Bf4 Bf5 6. e3 e6 7. Nf3 Be7 8. Bb5+ Nbd7 9. h3 O-O 10. O-O a6 11. Bd3 Ne4 12. Rc1 Rc8 13. Bxe4 dxe4 14. Nd2 Nf6 15. Be5 Bb4 16. Bxf6 Qxf6 17. Ndxe4 Qg6 18. Ng3 Bd3 19. Re1 Rfd8 20. h4 Bc4 21. a3 Be7 22. h5 Qh6 23. Qf3 b5 24. Qb7 Bd6 25. f4 Bxf4 26. exf4 Qxf4 27. Nce2 Qe3+ 28. Kh2 Rb8 29. Qf3 Qg5 30. Qf4 Qe7 31. Nc3 Qb7 32. Nce4 Bd5 33. Nc5 Qa8 34. Nge4 Rf8 35. Nd7 Rbd8 36. Nef6+ Kh8 37. Nxf8 Rxf8 38. Nd7 Rd8 39. Ne5 f6 40. Nf7+ Kg8 41. Nxd8 Qxd8 42. Qc7 Qe8 43. Qc8 Qxc8 44. Rxc8+ Kf7 45. Rc7+ Ke8 46. Ra7 1-0


[Site "https://www.chess.com"]

[Event "Titled Tuesday Blitz February 07 Early 2023"]
[White "Bethke, Richard"]
[Black "McBryde, Lamel"]
[WhiteFideId "12959243"]
[BlackFideId "2058596"]
[WhiteElo "2382"]
[BlackElo "1861"]
[Result "1-0"]
[Round "06"]
[TimeControl "180+2"]
[Date "2023.02.07"]
[WhiteClock "0:00:04"]
[BlackClock "0:00:01"]

1. e4 Nf6 2. Nc3 e6 3. d4 d5 4. e5 Nfd7 5. f4 c5 6. Nf3 Nc6 7. Be3 g6 8. Qd2 h5 9. O-O-O Ne7 10. dxc5 Nf5 11. Nd4 Nxe3 12. Qxe3 Bxc5 13. Ncb5 Qb6 14. Qg3 a6 15. Nxe6 axb5 16. f5 Rxa2 17. Rxd5 Be3+ 18. Kd1 Bh6 19. Nd4 O-O 20. e6 Qa5 21. exf7+ Kh8 22. c3 Qa4+ 23. b3 Ra1+ 24. Ke2 Qa2+ 25. Kf3 Nf6 26. Qxg6 Bg7 27. Bd3 Rxh1 28. Rd6 1-0


[Site "https://www.chess.com"]

[Event "Titled Tuesday Blitz February 07 Early 2023"]
[White "Mrudul Dehankar"]
[Black "Lehtosaari, Mauri"]
[WhiteFideId "25096990"]
[BlackFideId "501999"]
[WhiteElo "2030"]
[BlackElo "2176"]
[Result "0-1"]
[Round "06"]
[TimeControl "180+2"]
[Date "2023.02.07"]
[WhiteClock "0:00:01"]
[BlackClock "0:00:02"]

1. e4 c5 2. Nf3 e6 3. d4 cxd4 4. Nxd4 Nc6 5. Nc3 Qc7 6. Be2 Nf6 7. Be3 a6 8. O-O Be7 9. f4 d6 10. Qe1 Nxd4 11. Bxd4 e5 12. fxe5 dxe5 13. Qg3 Bc5 14. Qxg7 Bxd4+ 15. Kh1 Rg8 16. Qxf6 Be6 17. Nd5 Bxd5 18. exd5 Qe7 19. Qf5 Rg7 20. c3 Bc5 21. Bh5 Rd8 22. b4 Bd6 23. a3 b5 24. Rad1 Kf8 25. Qe4 Kg8 26. Rf5 Rc8 27. Rdf1 Rxc3 28. Bxf7+ Rxf7 29. Rxf7 Qxf7 30. Qg4+ Kh8 31. Rg1 Rc7 0-1


[Site "https://www.chess.com"]

[Event "Titled Tuesday Blitz February 07 Early 2023"]
[White "Sharafiev, Azat"]
[Black "Miszler, Levente"]
[WhiteFideId "4186214"]
[BlackFideId "763276"]
[WhiteElo "2427"]
[BlackElo "2271"]
[Result "1/2-1/2"]
[Round "06"]
[TimeControl "180+2"]
[Date "2023.02.07"]
[WhiteClock "0:00:13"]
[BlackClock "0:00:15"]

1. e4 Nc6 2. Nf3 d6 3. d4 Nf6 4. Nc3 g6 5. Bb5 a6 6. Ba4 b5 7. Bb3 Na5 8. O-O Nxb3 9. axb3 Bb7 10. Re1 Bg7 11. Bg5 O-O 12. Qe2 b4 13. Bxf6 bxc3 14. Bxg7 cxb2 15. Bxf8 bxa1=Q 16. Rxa1 Qxf8 17. c4 Qg7 18. Qd3 c5 19. Rd1 cxd4 20. Nxd4 Rc8 21. Ne2 Qe5 22. Nc3 Qa5 23. Nd5 Bxd5 24. exd5 Rb8 25. Qe3 Rb7 26. h4 h5 27. Qh3 Qb6 28. Qc8+ Kg7 29. Rd3 Qc7 30. Qxc7 Rxc7 31. Kf1 Kf6 32. Ke2 Rb7 33. Kd2 e6 34. dxe6 Kxe6 35. Kc2 Rc7 36. Re3+ Kf6 37. Re8 Rc5 38. Ra8 Rf5 39. f3 a5 40. Kd3 g5 41. hxg5+ Rxg5 42. Ra6 Ke6 43. Ke3 Rxg2 44. Rxa5 Rb2 45. Rxh5 Rxb3+ 46. Ke4 Rc3 47. Rh6+ f6 48. f4 Rxc4+ 49. Ke3 d5 50. Rh5 Re4+ 51. Kf3 Ra4 52. Ke3 Ra3+ 53. Kd4 Rf3 54. Rxd5 Rd3+ 55. Kxd3 Kxd5 56. Ke3 f5 57. Kd3 Kc5 58. Kc3 Kd5 59. Kd3 Kc5 60. Kc3 Kd5 61. Kd3 1/2-1/2


[Site "https://www.chess.com"]

[Event "Titled Tuesday Blitz February 07 Early 2023"]
[White "matenitian"]
[Black "Prieto Aranguren, Alain"]
[BlackFideId "2268906"]
[WhiteElo "2479"]
[BlackElo "2258"]
[Result "0-1"]
[Round "06"]
[TimeControl "180+2"]
[Date "2023.02.07"]
[WhiteClock "0:00:05"]
[BlackClock "0:00:04"]

1. e4 c6 2. Nc3 d5 3. Nf3 Bg4 4. h3 Bh5 5. d4 e6 6. Bd3 Nf6 7. e5 Nfd7 8. g4 Bg6 9. Bxg6 hxg6 10. Be3 c5 11. Ne2 Nc6 12. c3 Qb6 13. b3 Rc8 14. Kf1 cxd4 15. cxd4 Nb4 16. Kg2 Qa6 17. Rc1 Rc6 18. a4 Be7 19. h4 Nd3 20. Rb1 f6 21. Nc1 Nxc1 22. Rxc1 fxe5 23. dxe5 O-O 24. Rxc6 bxc6 25. Qc2 Rxf3 26. Kxf3 Nxe5+ 27. Kg3 Bd6 28. f4 Nd3 29. Rd1 Nb4 30. Qxg6 Qe2 31. Qxe6+ Kh8 32. Rd4 Nc2 33. Qe8+ Kh7 34. Qh5+ Kg8 35. Qe8+ Bf8 36. Qe6+ Kh8 37. Re4 dxe4 38. Bxa7 Qf3+ 39. Kh2 Qxf4+ 40. Kh3 Qf3+ 41. Kh2 Ne3 42. Bxe3 Qxe3 43. Qf5 Qf3 44. Qxf3 exf3 45. Kg3 Bb4 46. Kxf3 Kg8 47. Ke4 Kf7 48. Ke5 Ke7 49. h5 Bd2 50. Kd4 Kd6 51. Kc4 Kc7 52. b4 Kb6 53. a5+ Ka6 54. Kc5 Kb7 55. b5 cxb5 56. Kxb5 Ka7 0-1


[Site "https://www.chess.com"]